 Dungeon Crawl Stone Soup version 0.27-a0-423-gf312af23e9 (webtiles) character file.

Game seed: 12800551125885764178

490 snetch the Chopper (level 6, -5/84 HPs)
             Began as a Minotaur Berserker on Feb 26, 2021.
             Was a Priest of Trog.
             Killed from afar by a wretched star (20 damage)
             ... with a lance of force
             ... on level 1 of the Abyss.
             The game lasted 00:12:26 (3518 turns).

snetch the Chopper (Minotaur Berserker)             Turns: 3518, Time: 00:12:27

Health: -5/84      AC:  9    Str: 24    XL:     6   Next: 90%
Magic:  0/3        EV:  9    Int:  4    God:    Trog [***...]
Gold:   188        SH:  0    Dex:  9    Spells: 5/5 levels left

rFire    . . .     SeeInvis .   b - +4 flail
rCold    . . .     Faith    .   (no shield)
rNeg     + . .     Spirit   +   z - +0 chain mail
rPois    +         Reflect  .   (helmet restricted)
rElec    .         Harm     .   (no cloak)
rCorr    .         Rampage  .   (no gloves)
Will     .....                  (no boots)
Stlth    ..........             r - amulet of guardian spirit
HPRegen  0.24/turn              F - ring of positive energy
MPRegen  0.08/turn              y - ring of poison resistance

@: berserking, very quick
A: retaliatory headbutt, horns 2, [low mp 2]
a: Renounce Religion, Berserk, Trog's Hand


You were on level 1 of the Abyss.
You worshipped Trog.
Trog was most pleased with you.
You visited 2 branches of the dungeon, and saw 6 of its levels.
You visited the Abyss 1 time.

You collected 188 gold pieces.

Inventory:

Hand Weapons
 a - a +0 war axe of electrocution
 b - a +4 flail (weapon)
 c - a +0 glaive
Missiles
 e - 36 bolts
 f - 20 sling bullets
 j - 157 stones
 l - 7 datura-tipped darts
 v - 19 arrows
 A - 5 boomerangs (quivered)
Armour
 h - a +1 ring mail of cold resistance
 z - a +0 chain mail (worn)
Jewellery
 r - an amulet of guardian spirit (around neck)
 y - a ring of poison resistance (right hand)
 F - a ring of positive energy (left hand)
Scrolls
 d - 8 scrolls of identify {unknown}
 k - a scroll of blinking {unknown}
 n - 4 scrolls of fog {unknown}
 o - 3 scrolls of teleportation {unknown}
 p - 3 scrolls of magic mapping {unknown}
 u - a scroll of amnesia {unknown}
 x - a scroll of fear {unknown}
 E - a scroll of enchant weapon {unknown}
Potions
 g - 4 potions of curing {unknown}
 i - a potion of cancellation {unknown}
 m - 4 potions of lignification {unknown}
 q - a potion of attraction {unknown}
 s - a potion of haste {unknown}
 t - a potion of magic {unknown}
 w - a potion of brilliance {unknown}
 B - 2 potions of degeneration {unknown}
 C - a potion of flight {unknown}
 D - a potion of invisibility {unknown}


   Skills:
 + Level 5.2 Fighting
 + Level 6.4(6.5) Axes
 + Level 1.7(4.4) Maces & Flails
 + Level 0.1 Throwing
 + Level 5.0 Armour
 + Level 3.1 Dodging
 + Level 0.5 Stealth


You had 5 spell levels left.
You didn't know any spells.
Your spell library was empty.

Dungeon Overview and Level Annotations

Branches:
Dungeon (5/15)             Temple (1/1) D:4

Altars:
Ashenzari
Cheibriados
Dithmenos
Elyvilon
Fedhas
Gozag
Hepliaklqana
Kikubaaqudgha
Makhleb
Nemelex Xobeh
Okawaru
Qazlal
Ru
Sif Muna
Trog
Uskayaw
Wu Jian
Xom
Yredelemnul
Zin
The Shining One

Annotations:
D:4 Crazy Yiuf


Innate Abilities, Weirdness & Mutations

You reflexively headbutt those who attack you in melee.
You have a pair of horns on your head.
[Your magical capacity is very low. (-20% MP)]


Message History

You thump the iron imp!
You kill the iron imp!
Trog accepts your kill.
Your Armour skill increases to level 5!
HP restored.
A centaur simulacrum comes into view.
A centaur simulacrum is nearby!
A naga warrior and 2 salamanders come into view.
A wretched star comes into view.
You thump the centaur simulacrum!
The centaur simulacrum vapourises!
Trog accepts your kill.
A naga comes into view. It is wielding a +0 halberd.
An ufetubus comes into view.
You miss the ufetubus. You headbutt the ufetubus!
You kill the ufetubus!
Trog accepts your kill. The naga warrior spits poison at you.
The splash of poison misses you. The naga warrior spits poison at you.
The splash of poison misses you.
Okay, then.
There is an open translucent door here.
Found an ivory wand.
The wretched star pulses with an eldritch light!
You feel less energetic. x2
You hit the wretched star. You headbutt the wretched star!
The wretched star is lightly damaged.
The salamander hits you from afar with a +0 trident.
You are engulfed in flames!
The wretched star glows turbulently.
The lance of force hits you!!
You are knocked back by the lance of force.
You slam into the tree!
* * * LOW HITPOINT WARNING * * *
A red film seems to cover your vision as you go berserk!
You feel yourself moving faster!
You feel mighty!
The wretched star glows turbulently.
The lance of force hits you!!
You die...

# #. .# # .. . #.##
. #.### . #...###.
#.. .#. .......
#.....##### #...#
#.....##N##..#.....
...###*#.. ..#....##
### #@#♣♣....# . .#
#..#.#...♣♣...##♣.#.
#...##.#♣♣....#♣♣ ..
#.#/.....♣♣....#♣ #.
#..##### #
N.#.♣###.# ##..###
##'##♣....## ## ♣.♣♣
♣#. .# ♣.♣♣#.. #.
♣♣.♣ . ♣#..##


You could see a wretched star and a salamander.

Vanquished Creatures
  A dream sheep (D:4)
  Menkaure (D:4)
  Blork the orc (D:4)
  An iron imp (Abyss:1)
  A centaur simulacrum (Abyss:1)
  Robin (D:2)
  8 adders
  A white imp (D:3)
  An ufetubus (Abyss:1)
  An ooze (D:2)
  An adder skeleton (D:4)
  A worm (D:3)
  2 dart slugs
  2 leopard geckos
  6 orcs (D:3)
  3 giant cockroaches
  17 goblins
  5 hobgoblins
  4 jackals (D:1)
  9 kobolds
  2 quokkas (D:2)
  7 bats
  6 frilled lizards
  5 rats
87 creatures vanquished.

Vanquished Creatures (others)
  4 dream sheep (D:4)
4 creatures vanquished.

Grand Total: 91 creatures vanquished

Notes
Turn   | Place    | Note
-------+----------+-------------------------------------------
     0 | D:1      | snetch the Minotaur Berserker began the quest for the Orb.
     0 | D:1      | Reached XP level 1. HP: 19/19 MP: 0/0
   179 | D:1      | Reached XP level 2. HP: 21/27 MP: 1/1
   182 | D:1      | Reached skill level 4 in Axes
   492 | D:1      | Reached ** piety under Trog
   585 | D:1      | Reached XP level 3. HP: 34/34 MP: 2/2
  1123 | D:2      | Noticed Robin
  1131 | D:2      | Killed Robin
  1132 | D:2      | Reached XP level 4. HP: 41/41 MP: 3/3
  2039 | D:3      | Reached skill level 5 in Axes
  2039 | D:3      | Reached skill level 1 in Maces & Flails
  2144 | D:3      | Reached XP level 5. HP: 35/47 MP: 2/4
  2148 | D:3      | Reached *** piety under Trog
  2290 | D:4      | Noticed a dream sheep
  2290 | D:4      | Noticed a dream sheep
  2290 | D:4      | Noticed a dream sheep
  2290 | D:4      | Noticed a dream sheep
  2290 | D:4      | Noticed a dream sheep
  2290 | D:4      | Found a shimmering altar of Xom.
  2292 | D:4      | Killed a dream sheep
  2295 | D:4      | Killed a dream sheep
  2295 | D:4      | Killed a dream sheep
  2296 | D:4      | Killed a dream sheep
  2297 | D:4      | Killed a dream sheep
  2334 | D:5      | Entered Level 5 of the Dungeon
  2469 | D:4      | Noticed Blork the orc
  2474 | D:4      | Killed Blork the orc
  2475 | D:4      | Reached skill level 5 in Fighting
  2475 | D:4      | Reached XP level 6. HP: 35/56 MP: 3/5
  2475 | D:4      | Found a staircase to the Ecumenical Temple.
  2793 | D:3      | Found a glowing golden altar of the Shining One.
  2960 | Temple   | Entered the Ecumenical Temple
  3225 | D:4      | Noticed Menkaure
  3231 | D:4      | Killed Menkaure
  3232 | D:4      | Reached skill level 6 in Axes
  3364 | D:4      | Found a runed translucent door.
  3365 | D:4      | Noticed Crazy Yiuf
  3372 | D:4      | Cast into level 1 of the Abyss (Crazy Yiuf)
  3392 | Abyss:1  | Reached skill level 5 in Armour
  3489 | Abyss:1  | Noticed a naga warrior
  3489 | Abyss:1  | Noticed a salamander
  3489 | Abyss:1  | Noticed a salamander
  3489 | Abyss:1  | Noticed a wretched star
  3490 | Abyss:1  | Noticed a naga
  3518 | Abyss:1  | Killed from afar by a wretched star

Illustrated notes

Levels and vault maps discovered:
D:1:      minmay_arrival_hallway, layout_loops_ring
D:2:      layout_basic, wander_ebering_terrifying_dragon_lair, uniq_robin
D:3:      layout_rooms, tso_metal_star
D:4:      layout_rooms, minmay_temple_entry_crystal_x, gammafunk_ghost_split,
          serial_bayou_pond_e, minmay_misc_feat_more_columns,
          kennysheep_big_empty_room, kb_xom_exploding_sheep,
          uniq_crazy_yiuf_cottage, uniq_blork_the_orc, uniq_menkaure
D:5:      layout_basic
Temple:   nicolae_temple_the_god_donut
Abyss:1:  base:
D:1

Skill      XL: |  1  2  3  4  5  6 |
---------------+-------------------+-----
Fighting       | 4 5 |  5.2
Axes           | 4 5 6 |  6.4
Armour         | 3 4 5 |  5.0
Maces & Flails | 1 |  1.7
Dodging        | 3 |  3.1
Throwing       | |  0.1
Stealth        | |  0.5

Action                   |  1- 3 |  4- 6 || total
-------------------------+-------+-------++-------
Melee: Hand axe          |    11 |       ||    11
       Headbutt          |     8 |    14 ||    22
       Mace              |    30 |       ||    30
       War axe           |    15 |    64 ||    79
       Flail             |       |    21 ||    21
Throw: Boomerang         |       |     2 ||     2
Invok: Berserk           |     1 |     1 ||     2
       Trog's Hand       |       |     1 ||     1
Armor: Ring mail         |    40 |    21 ||    61
       Chain mail        |       |    10 ||    10
Dodge: Dodged            |    56 |    54 ||   110

Table legend: (Time is in decaauts)
 A = Elapsed time spent in this place.
 B = Non-inter-level travel time spent in this place.
 C = Inter-level travel time spent in this place.
 D = Time resting spent in this place.
 E = Time spent auto-exploring this place.
 F = Levels seen in this place.
 G = Mean time per level.
                   A        B        C        D        E       F      G
               +--------+--------+--------+--------+--------+-----+--------+
         Total |   3567 |   3483 |     84 |     16 |   2287 |   7 |  509.6 |
       Dungeon |   3233 |   3155 |     78 |     16 |   2167 |   5 |  646.6 |
        Temple |    186 |    180 |      6 |      0 |     25 |   1 |  186.0 |
         Abyss |    147 |    147 |      0 |      0 |     95 |   1 |  147.0 |
               +--------+--------+--------+--------+--------+-----+--------+

Top non-repeatable levels by time:
     D:2: 1245 daAuts
     D:1: 771 daAuts
     D:3: 765 daAuts
     D:4: 444 daAuts
  Temple: 186 daAuts
 Abyss:1: 147 daAuts
     D:5: 6 daAuts
